 Dungeon Crawl Stone Soup version 0.23-a0-336-g43d87f4c55 (webtiles) character file.

42 Napalmbreeze the Chopper (level 3, 33/33 HPs)
             Began as a Minotaur Berserker on Oct 18, 2018.
             Was a Believer of Trog.
             Quit the game on level 2 of the Dungeon.
             The game lasted 00:03:00 (1499 turns).

Napalmbreeze the Chopper (Minotaur Berserker)       Turns: 1499, Time: 00:03:01

Health: 33/33      AC:  6    Str: 21    XL:     3   Next: 35%
Magic:  2/2        EV: 11    Int:  5    God:    Trog [**....]
Gold:   115        SH:  0    Dex:  9    Spells: 2/2 levels left

rFire    . . .     SeeInvis .   a - +0 hand axe
rCold    . . .     Gourm    .   (no shield)
rNeg     . . .     Faith    .   h - +0 ring mail
rPois    .         Spirit   .   (helmet restricted)
rElec    .         Reflect  .   (no cloak)
rCorr    .         Harm     .   e - +0 pair of gloves
MR       .....                  (no boots)
Stlth    ..........             (no amulet)
HPRegen  0.11/turn              (no ring)
MPRegen  0.08/turn              (no ring)

@: no status effects
A: retaliatory headbutt, horns 2
a: Berserk, Trog's Hand, Renounce Religion


You were on level 2 of the Dungeon.
You worshipped Trog.
Trog was pleased with you.
You were not hungry.

You visited 1 branch of the dungeon, and saw 2 of its levels.

You collected 115 gold pieces.

Inventory:

Hand Weapons
 a - a +0 hand axe (weapon)
Armour
 b - a +0 animal skin
 e - a +0 pair of gloves (worn)
 h - a +0 ring mail (worn)
Scrolls
 d - 3 scrolls of identify {unknown}
 g - a scroll of teleportation {unknown}
 i - a scroll of immolation {unknown}
Potions
 f - a potion of lignification {unknown}
 j - a potion of might {unknown}
Comestibles
 c - 3 rations
 k - 2 chunks of flesh


   Skills:
 + Level 4.0 Fighting
 * Level 4.4 Axes
 + Level 3.0 Armour
 + Level 2.7 Dodging


You had 2 spell levels left.
You didn't know any spells.
Your spell library was empty.

Dungeon Overview and Level Annotations

Branches:
Dungeon (2/15)

Altars:


Innate Abilities, Weirdness & Mutations

You reflexively headbutt those who attack you in melee.
You have a pair of horns on your head.


Message History

A bat comes into view.
You see here 14 gold pieces.
The bat hits you.
You barely miss the bat. The bat hits you but does no damage.
The bat barely misses you.
You see here 14 gold pieces.
The bat misses you. The bat hits you but does no damage.
Found 17 gold pieces.
You hit the bat.
You kill the bat!
Trog accepts your kill.
No target in view!
No target in view!
No target in view!
No target in view!
You now have 115 gold pieces (gained 14).
A rat comes into view.
Found a ring mail.
Are you sure you want to abandon this character and quit the game? (Confirm

####.#.## .. ..
.###.##.#... # #.
.#.........#... #[#.#
#.#.#####...#...
#.#.........#.......##
.... ....#.#.#...####
####r.#....#....)......
#..........(....##.....
#....#@#.###....##.....
#........####...##.....
........................
#
##............##......##
.....#####......##......#
.....#####..............#
...........>..........###
.....#...#............#
$.. #...###......#...#


You could see a rat.

Vanquished Creatures
  An ooze (D:1)
  2 dart slugs (D:1)
  2 leopard geckos (D:1)
  A ball python (D:1)
  3 bats
  6 goblins
  3 jackals (D:1)
  3 kobolds
  6 frilled lizards
  5 rats (D:1)
32 creatures vanquished.

Notes
Turn   | Place    | Note
-------+----------+-------------------------------------------
     0 | D:1      | Napalmbreeze the Minotaur Berserker began the quest for the
                  | Orb.
     0 | D:1      | Reached XP level 1. HP: 19/19 MP: 0/0
   213 | D:1      | Reached XP level 2. HP: 27/27 MP: 1/1
   936 | D:1      | Reached XP level 3. HP: 33/33 MP: 2/2
  1041 | D:1      | Reached ** piety under Trog
  1499 | D:2      | Quit the game

Vault maps used:
D:1:      dpeg_arrival_signposts, minmay_tetromino_i2
D:2:      uniq_robin

Skill      XL: |  1  2  3 |
---------------+----------+-----
Axes           | 4 |  4.4
Fighting       | 4 |  4.0
Armour         | 3 |  3.0
Dodging        | |  2.7

Action                   || total
-------------------------++-------
Melee: Hand axe          ||    78
       Headbutt          ||     9
 Stab: Sleeping          ||     1
  Eat: Chunk             ||     2
Armor: Animal skin       ||     3
       Ring mail         ||    32
Dodge: Dodged            ||    56

Table legend:
 A = Non-vault XP
 B = Vault XP
 C = Vault XP percentage of total XP
 D = Non-vault monster count
 E = Vault monster count
 F = Vault count percentage of total count
                 A         B        C        D         E       F
            +---------+---------+-------+---------+---------+-------
      Total |      61 |       0 |   0.0 |      32 |       0 |   0.0
            +---------+---------+-------+---------+---------+-------
        D:1 |      55 |       0 |   0.0 |      28 |       0 |   0.0
        D:2 |       6 |       0 |   0.0 |       4 |       0 |   0.0
            +---------+---------+-------+---------+---------+-------
